Cogmind - Beta 13 @@@ ROGUE MODE // 2024.06.02 @ 16:05:02 Player: Sionnis Result: Destroyed by NK-OMJ(R) with Subdweller Machine Gun Performance ------------- Evolutions (0) 0 Regions Visited (3) 600 Robots Destroyed (22) 110 Value Destroyed (660) 660 Prototype IDs (1) 20 Alien Tech Used (0) 0 Bonus (-13) -13 TOTAL SCORE: 1377 Bonus ------- Friendly Fire -13 Cogmind --------- Core Integrity 0/250 Matter 227/300 Energy 99/100 System Corruption 0% Temperature Cool (0) Movement Rolling (110) Ox2 Location -10/Subcaves Parts ------- > --- POWER (1) -------- (None) > --- PROPULSION (2) --- Wheel > --- UTILITY (2) ------ Large Storage Unit Signal Interpreter > --- WEAPON (2) ------- Shotgun Heavy Battle Rifle > --- INVENTORY (15) --- Makeshift Power Source Wheel Wheel Targeting Computer Scrap Shield Shotgun Shotgun Barrage Gun Heavy Battle Rifle Bore Cannon Makeshift Sword Peak State ------------ > --- POWER ------------ Subdweller Power Source > --- PROPULSION ------- Subdweller Monowheel Subdweller Monowheel > --- UTILITY ---------- Large Storage Unit Power Bank > --- WEAPON ----------- Shotgun Makeshift Shrapnel Gun > --- INVENTORY -------- Wheel Wheel Wheel Subdweller Monowheel Signal Interpreter Signal Interpreter Targeting Computer Shotgun Shotgun Shotgun Shotgun Heavy Battle Rifle Heavy Battle Rifle Bore Cannon Makeshift Sword [Rating: 25] Favorites ----------- Power Light Ion Engine Engine Light Ion Engine Propulsion Subdweller Monowheel Wheel Subdweller Monowheel Utility Large Storage Unit Device Power Bank Storage Large Storage Unit Processor Targeting Computer Weapon Shotgun Ballistic Gun Shotgun Build | -11 -10 -10 -10 ------- Run | Yrd Mat Min Sub Slots Evolved . | . . . . Power . | . . . . Propulsion . | . . . . Utility . | . . . . Weapon . | . . . . Parts Attached 30 | 3 5 . 22 Power 5 | 1 . . 4 Engine 5 | 1 . . 4 Core . | . . . . Reactor . | . . . . Propulsion 10 | 2 . . 8 Treads . | . . . . Leg . | . . . . Wheel 10 | 2 . . 8 Hover . | . . . . Flight . | . . . . Utility 4 | . 2 . 2 Device 1 | . . . 1 Storage 1 | . 1 . . Processor 2 | . 1 . 1 Hackware . | . . . . Protection . | . . . . Artifact . | . . . . Weapon 11 | . 3 . 8 Energy Gun . | . . . . Energy Cannon . | . . . . Ballistic Gun 11 | . 3 . 8 Ballistic Cannon . | . . . . Launcher . | . . . . Special Weapon . | . . . . Impact Weapon . | . . . . Slashing Weapon . | . . . . Piercing Weapon . | . . . . Special Melee Weapon . | . . . . Unidentified Prototypes 1 | . . . 1 Parts Lost 8 | . . . 8 Power 2 | . . . 2 Propulsion 3 | . . . 3 Utility . | . . . . Weapon 3 | . . . 3 Highest Loss Streak 2 | . . . 2 To Critical Strikes . | . . . . Average Slot Usage (%) 75 | . 91 100 66 Engine 7 | . 14 14 5 Wheel 21 | . 28 28 18 Device 5 | . . . 8 Storage 11 | . 11 14 10 Processor 5 | . 10 14 2 Ballistic Gun 23 | . 25 28 21 Naked Turns . | . . . . Heaviest Build 35 | 3 29 29 35 Greatest Support 40 | 20 20 20 40 Greatest Overweight (x) 3 | . 1 1 3 Average Overweight (x) . | . . 1 . Largest Inventory Capacity 15 | 5 15 15 15 Average Capacity 14 | 5 13 15 15 Most Carried 15 | . 14 15 15 Average Carried 13 | . 7 14 13 Final Capacity 15 | 5 15 15 15 Final Carried 15 | . 14 15 12 Class Distribution -------------------- 99% | Mutant Dominant Class ---------------- Mutant | -10/Materials Mutant | -10/Mines Mutant | -10/Subcaves Resources | -11 -10 -10 -10 ----------- Run | Yrd Mat Min Sub Matter Collected 938 | 134 43 287 474 Remotely . | . . . . Salvage Created 724 | . 43 162 519 Parts 54 | . 5 15 34 Haulers Intercepted . | . . . . Recyclers Shooed 1 | . . 1 . Parts Field Recycled . | . . . . Retrieved Matter . | . . . . Parts Self-Destructed 9 | . . . 9 Prevented . | . . . . Kills | -11 -10 -10 -10 ------- Run | Yrd Mat Min Sub Combat Hostiles Destroyed 22 | . . 8 14 Guns 22 | . . 8 14 Classes Destroyed 7 | . 1 3 3 Recycler 1 | . . 1 . Watcher 2 | . 2 . . Swarmer 5 | . . 5 . Grunt 1 | . . . 1 Sentry 1 | . . . 1 Subdweller 12 | . . . 12 Assembled 3 | . . 3 . Best Kill Streak 4 | . 2 4 3 Combat Bots Only 3 | . . 3 3 Max Kills in Single Turn 2 | . 1 2 1 Gunslinging . | . . . . Exploded . | . . . . Melee . | . . . . Uniques/NPCs Destroyed . | . . . . Combat | -11 -10 -10 -10 -------- Run | Yrd Mat Min Sub Hostile Shots Fired 85 | . . 18 67 Missed 15 | . . 1 14 Damage Taken 1397 | . . 176 1221 Core 252 | . . . 252 Absorbed by Shields . | . . . . Core Remaining (%) 100 | 100 . . . Volleys Fired 83 | . 10 16 57 Largest 2 | . 2 2 2 Hottest 56 | . 46 46 56 Shots Fired 150 | . 20 32 98 Gun 150 | . 20 32 98 Cannon . | . . . . Launcher . | . . . . Special . | . . . . Kinetic 150 | . 20 32 98 Thermal . | . . . . Explosive . | . . . . Electromagnetic . | . . . . Robot Hit Streak 26 | . 3 7 26 Robot Miss Streak 6 | . 5 6 3 Penetration Max . | . . . . Secondary Targets 7 | . . 4 3 Max Gunslinging Chain 1 | . . 1 1 Shots Hit Robots 107 | . 13 19 75 Core Hits 54 | . 5 14 35 Critical Kills . | . . . . Critical Parts Destroyed 1 | . . 1 . Critical Strikes 4 | . . 1 3 Destroy 4 | . . 1 3 Melee Attacks . | . . . . Impact . | . . . . Slashing . | . . . . Piercing . | . . . . Sneak Attacks . | . . . . Combat Hostiles . | . . . . Follow-up Attacks . | . . . . Damage Inflicted 1692 | . 142 296 1254 Guns 1692 | . 142 296 1254 Cannons . | . . . . Explosions . | . . . . Melee . | . . . . Ramming . | . . . . Kinetic 1692 | . 142 296 1254 Thermal . | . . . . Explosive . | . . . . Electromagnetic . | . . . . Impact . | . . . . Slashing . | . . . . Piercing . | . . . . Highest Corruption . | . . . . Average Corruption . | . . . . Corruption Purged . | . . . . Corruption Blocked . | . . . . Overload Shots . | . . . . Overflow Damage . | . . . . Projectiles . | . . . . Explosions . | . . . . Melee . | . . . . Knockbacks . | . . . . Impact . | . . . . Kinetic . | . . . . Secondary . | . . . . Self-Inflicted Damage . | . . . . Shots . | . . . . Rammed . | . . . . Targets Rammed . | . . . . Kicked . | . . . . Crushed . | . . . . Highest Temperature 236 | . . . 236 Average Temperature 139 | . . . 139 Received Heat Transfer 562 | . . . 562 Siege Activations . | . . . . Robots Corrupted . | . . . . Combat Hostiles . | . . . . Parts Fried . | . . . . Impact Corruptions . | . . . . Robots Melted . | . . . . Combat Hostiles . | . . . . Parts Melted 2 | . . . 2 Heat Transferred . | . . . . Parts Sabotaged . | . . . . Parts Stolen . | . . . . Parts Stripped . | . . . . Power Chain Reactions . | . . . . Alert | -11 -10 -10 -10 ------- Run | Yrd Mat Min Sub Peak Influence 192 | . 134 192 . Initial 52 | . . 52 . Average 109 | . 68 144 . Maximum Alert Level . | . . . . Low Security (%) 100 | 100 100 100 . Level 1 . | . . . . Level 2 . | . . . . Level 3 . | . . . . Level 4 . | . . . . Level 5 . | . . . . High Security . | . . . . Max Security . | . . . . Squads Dispatched . | . . . . Investigation . | . . . . Extermination . | . . . . Reinforcement . | . . . . Assault . | . . . . Garrison . | . . . . Intercept . | . . . . Searches Triggered . | . . . . Construction Impeded . | . . . . Haulers Reinforced . | . . . . Active Scanning Responses . | . . . . Cargo Convoy Interrupts . | . . . . Stealth | -11 -10 -10 -10 --------- Run | Yrd Mat Min Sub Distress Signals . | . . . . Communications Jammed . | . . . . Distress Signals . | . . . . Times Spotted 34 | . 8 11 15 Peak Tracking Total 4 | . 2 4 3 Tactical Retreats . | . . . . Traps | -11 -10 -10 -10 ------- Run | Yrd Mat Min Sub Traps Triggered 1 | . 1 . . Indirectly . | . . . . Trap Hack Attempts . | . . . . Triggered . | . . . . Disarmed . | . . . . Reprogrammed . | . . . . Reused . | . . . . Traps Extracted . | . . . . Installed . | . . . . Triggered . | . . . . Machines | -11 -10 -10 -10 ---------- Run | Yrd Mat Min Sub Machines Disabled . | . . . . Max in Single Turn . | . . . . Machines Repaired . | . . . . Machines Dismantled . | . . . . Machines Sabotaged . | . . . . Overloaded Fab Kills . | . . . . Hacking | -11 -10 -10 -10 --------- Run | Yrd Mat Min Sub Machines Accessed 1 | . 1 . . Terminals 1 | . 1 . . Fabricators . | . . . . Repair Stations . | . . . . Recycling Units . | . . . . Scanalyzers . | . . . . Garrison Access . | . . . . Total Hacks 1 | . 1 . . Successful . | . . . . Failed 1 | . 1 . . Catastrophic . | . . . . Database Lockouts . | . . . . Manual 1 | . 1 . . Terminals 1 | . 1 . . Fabricators . | . . . . Repair Stations . | . . . . Recycling Units . | . . . . Scanalyzers . | . . . . Garrison Access . | . . . . Terminal Hacks . | . . . . Fabricator Hacks . | . . . . Repair Station Hacks . | . . . . Recycling Unit Hacks . | . . . . Scanalyzer . | . . . . Garrison Access Hacks . | . . . . Unauthorized Hacks . | . . . . Terminals . | . . . . Fabricators . | . . . . Repair Stations . | . . . . Recycling Units . | . . . . Scanalyzers . | . . . . Garrison Access . | . . . . Data Cores Recovered . | . . . . Used . | . . . . Hacking Detections . | . . . . Full Trace Events . | . . . . Feedback Events . | . . . . Feedback Blocked . | . . . . Robot Schematics Acquired . | . . . . Robots Built . | . . . . Authchips . | . . . . Time . | . . . . Total Robot Build Rating . | . . . . Part Schematics Acquired . | . . . . Parts Built . | . . . . Authchips . | . . . . Time . | . . . . Total Part Build Rating . | . . . . Parts Repaired . | . . . . Time . | . . . . Parts Recycled . | . . . . Recycled Matter . | . . . . Retrieved Matter . | . . . . Retrieved Components . | . . . . Parts Scanalyzed . | . . . . Part Schematics Acquired . | . . . . Parts Damaged . | . . . . Bothacking | -11 -10 -10 -10 ------------ Run | Yrd Mat Min Sub Used RIF Installer . | . . . . Robots Hacked . | . . . . Non-combat . | . . . . Combat . | . . . . Robot Hacks Applied . | . . . . Relay Couplers Released . | . . . . Fabnet Peak Effective % . | . . . . Robots Rewired . | . . . . Allies Hacked . | . . . . Hacks Repelled . | . . . . Allies | -11 -10 -10 -10 -------- Run | Yrd Mat Min Sub Total Allies . | . . . . Largest Group . | . . . . Highest-Rated Group . | . . . . Highest-Rated Ally . | . . . . Total Orders . | . . . . Ally Attacks . | . . . . Total Damage . | . . . . Kills . | . . . . Allies Corrupted . | . . . . Allies Melted . | . . . . Intel | -11 -10 -10 -10 ------- Run | Yrd Mat Min Sub Robot Analysis Total . | . . . . Derelict Logs Recovered 4 | . . 1 3 Drone Launches . | . . . . Drone Recoveries . | . . . . Exploration | -11 -10 -10 -10 ------------- Run | Yrd Mat Min Sub Turns Passed 2843 | 36 314 484 2009 Spaces Moved 1973 | 41 268 96 1568 Core 4 | 4 . . . Treads . | . . . . Legs . | . . . . Wheels 1969 | 37 268 96 1568 Hover . | . . . . Flight . | . . . . Fastest Speed 50 | 50 80 95 95 Average Speed 105 | 77 92 95 109 Slowest Speed 125 | 80 95 95 125 Overloaded Moves . | . . . . Propulsion Burnouts . | . . . . Robots Hopped . | . . . . Cave-ins Triggered . | . . . . Exploration Rate (%) 32 | 3 32 25 71 Regions Visited 3 Branch Regions 2 Pre-discovered Areas 2 | . . . 2 Known Exits Taken . | . . . . Unknown Exits Taken 3 | 1 1 1 . Scrap Searched 4 | . . 1 3 Spaces Dug . | . . . . Terrain Destroyed . | . . . . Melee . | . . . . Projectile . | . . . . AOE . | . . . . Terrain Rammed . | . . . . Walls Destroyed . | . . . . Machines Disabled . | . . . . Actions | -11 -10 -10 -10 --------- Run | Yrd Mat Min Sub Total 2572 | 43 312 456 1761 Wait 451 | . 16 344 91 Move 1970 | 40 267 95 1568 Hop . | . . . . Pick Up 22 | . 14 1 7 Fast Attach 17 | 3 5 . 9 Attach 6 | . . . 6 Detach . | . . . . Swap 7 | . . . 7 Drop 16 | . . . 16 Fire 83 | . 10 16 57 Melee . | . . . . Ram . | . . . . Kick . | . . . . Crush . | . . . . Escape Stasis . | . . . . Rewire . | . . . . Trap . | . . . . Miscellaneous . | . . . . Route ------- -11/Scrapyard -10/Materials -10/Mines -10/Subcaves (discovered 1 exit: *Mat) History --------- Turn | Location | Event 8 | -11/Scrapyard | Discovered new exit (range 15) 37 | -11/Scrapyard | Entered Materials 162 | -10/Materials | Discovered new exit (range 13) 315 | -10/Materials | Build established: Mutant 351 | -10/Materials | Entered Mines 352 | -10/Mines | Assembled infested the area 357 | -10/Mines | Assisted by a Guerilla fighting off Assembled 400 | -10/Mines | Met a Derelict bent on vengeance 434 | -10/Mines | Learned 2 Materials zone layouts 822 | -10/Mines | Discovered new exit (range 4) 835 | -10/Mines | Entered Subcaves 1025 | -10/Subcaves | A Subdweller sparked back to life 1025 | -10/Subcaves | A Subdweller sparked back to life 1025 | -10/Subcaves | A Subdweller sparked back to life 1060 | -10/Subcaves | Found Prototype Device 1060 | -10/Subcaves | Identified Power Bank 1062 | -10/Subcaves | Attached Power Bank, gained temporary slots: Power x3 1541 | -10/Subcaves | Core integrity fell below 50% 2344 | -10/Subcaves | Learned location of Zion (-6) 2346 | -10/Subcaves | Learned Materials trap positions 2483 | -10/Subcaves | Ambushed by Subdweller buried in earth 2536 | -10/Subcaves | Shifting Twisted Machinery released Scrap Shield 2546 | -10/Subcaves | Shifting Twisted Machinery released Barrage Gun 2682 | -10/Subcaves | Discovered new exit (range 10) 2694 | -10/Subcaves | Identified exit to Materials 2824 | -10/Subcaves | Core integrity fell below 20% 2844 | -10/Subcaves | Destroyed by NK-OMJ(R) with Subdweller Machine Gun Last Messages --------------- 02682_ EXIT=FOUND 02693_ Discarded Power Bank. 02693_ Temporary Power slot lost. 02694_ EXIT=IDENTIFIED: MATERIALS 02717_ Sub. Monowheel shoots sparks and powers down. 02718_ Dropped Broken Sub. Monowheel. 02762_ Subatomizers dissect the Broken Sub. Monowheel. 02778_ Acquired 10 matter. 02801_ Acquired derelict log, extracted data. World map confirmed: -6/Zion. 02808_ Sub. Monowheel shoots sparks and powers down. 02809_ Dropped Broken Sub. Monowheel. 02825_ TK-28A(R) suffers critical hit (Destroy). 02831_ TK-28A(R) destroyed. 02831_ Switching to secondary target: NK-OMJ(R). 02836_ Mak. Shrapnel Gun destroyed. 02838_ Sub. Power Source destroyed. Map ----- +----------------------------------------------------+ | ?????????????????????????????????????????????????? | | ?????????????????????????????????????????????????? | | ?????????????????????????????????????????????????? | | ?????????????????????????????????????????????????? | | ?????????????????????????????????????????????????? | | ?????????????????????????????????????????????????? | | ?????????????????????????????????????????????????? | | ?????????????????????????????????????????????????? | | ?????????????????????????????????????????????????? | | ?????????????????????????????????????????????????? | | ?????????????????????? ??????????????????????????? | | ????????????????????## ??????????????????????????? | | ????????????????????? #?????????????????????????? | | ????????????????????? ###??????????????????????? | | ?????????????????????? ??????????????????????? | | ?????????????????????? #?????? ?????????????? | | ??????????????????????# ???? ?????????????? | | ??????????????????????? ??? ??????????????? | | ??????????????????????? "" ???????????????? | | ???????????????????????? "" ????????????????? | | ???????????????????????? "" ?????????????????? | | ????????????????????????? "" ""???????????????? | | ????????????????????????? "" ##"" ???????????????? | | ?????????????????????????#/" #""""?###???????????? | | ????????????????????????##%""##""#?# ##??????????? | | ????????????????????????#@R!"# "### ##?????????? | | ???????????????????????##=""""#"" ##????????? | | ??????????????????????## """"#"" #????????? | | ??????????????????????# """##" # #????????? | | ??????????????????????# " ###### # # ##????????? | | ??????????????????????#### #???##### ##????????? | | ????????????????????????# #?????## ###??????? | | ????????????????????????## ##???### #??????? | | ????????????????????????# #???# #??????? | | ????????????????????????## #???#### #??????? | | ????????????????????????## #??????## #??????? | | ????????????????????????# ##??????## #??????? | | ????????????????????????##! #??????# ###??????? | | ????????????????????????##% #??????# =#????????? | | ???#####????????????????# * ##??#### ##????????? | | ####"" ##??????????????## #### #?????????? | | "##" " #?????????###?## ### #?????????? | | """#??????#### ### ## #?????????? | | # [##?????# ### #?????????? | | #### ! #?????# #### #?????????? | | #??## #??##### % ## ##?????????? | | ????## ##?## ## ### % ##?????????? | | ????#" ### ## # ### ###???????? | | ????## #### #### ##?## ## #???????? | | ?????## # # #???# #### ## < #???????? | +----------------------------------------------------+ Best States ------------- Heat Dissipation 25 Energy Generation 15 Energy Capacity 200 Matter Stores 300 Matter Capacity 300 Sight Range 16 Terrain Scan Density 10 Evasion (%) 44 Targeting Accuracy 5 Item Schematics ----------------- None Robot Schematics ------------------ None Fabricated ------------ Nothing Alien Tech Used ----------------- None Achievements -------------- None Challenges ------------ None Game ------ Seed gottagofast Manual? 1 Play Time 00:21:35 Cumulative 155.2 hours Start 2024.06.02 @ 15:36:24 End 2024.06.02 @ 16:05:02 Sessions 1 Manual Loads 0 Difficulty Rogue Special Mode None Game No. 148 Rogue 148 Adventurer 0 Explorer 0 Win Type - Total 9 Types 8/0/0/1/0/0/0/0/0 Lore% 67 Gallery% 78 Achievement% 64 Wizard Run 0 Options --------- Layout 1 ASCII 0 Keyboard 0 Movement Numpad Keybinds 0 Fullscreen 1 Font 24/Smallcaps Map View 50x35 Zoom Use 0% Tactical HUD 1 Map Filters NONE Filters NONE Steam 1 RUN: 95087c3c-ca94-41e4-9c4f-968bba3fcba8